 Dungeon Crawl Stone Soup version 0.16-a0-4056-gee4db93 (webtiles) character file.

171778 Sixotanaka the Eclecticist (level 17, -2/90 HPs)
             Began as a High Elf Wizard on Feb 15, 2015.
             Was the Champion of Vehumet.
             Slain by a ghost moth (4 damage)
             ... on level 1 of the Spider Nest on Feb 20, 2015.
             The game lasted 03:56:54 (53095 turns).

Sixotanaka the Eclecticist (High Elf Wizard)       Turns: 53095, Time: 03:56:54

Health: -2/90      AC: 20    Str:  5 (6)  XL:     17   Next: 40%
Magic:  0/63       EV: 15    Int: 29 (30) God:    Vehumet [******]
Gold:   2728       SH:  0    Dex: 18      Spells: 12 memorised, 2 levels left

rFire  + . .     SeeInvis .     a - staff of power {!a}
rCold  . . .     Clarity  +     z - +1 mottled dragon armour
rNeg   . . .     SustAb   .     (no shield)
rPois  +         Gourm    .     u - +2 helmet
rElec  .         Spirit   .     S - +2 cloak {rPois}
rCorr  .         Warding  .     K - +0 pair of gloves
rMut   .         Stasis   .     J - +0 pair of boots
MR     +....                    O - amulet of clarity
Stlth  ++........               j - ring "Jiass" {+Fly rF+ MP+9 Int+4}
                                N - +5 ring of protection

@: very slightly contaminated, repel missiles, somewhat resistant to hostile
enchantments, unstealthy
A: no striking features
a: Renounce Religion, Evoke Flight


You were on level 1 of the Spider Nest.
You worshipped Vehumet.
Vehumet was exalted by your worship.
You were hungry.

You visited 4 branches of the dungeon, and saw 29 of its levels.
You also visited: Ice Cave.

You collected 3044 gold pieces.
You spent 316 gold pieces at shops.


   Skills:
 - Level 7.4 Dodging
 - Level 2.1 Stealth
 + Level 5.8 Shields
 - Level 19.5 Spellcasting
 - Level 11.1 Conjurations
 - Level 12.4 Charms
   Level 0.8 Summonings
 - Level 2.4 Translocations
 + Level 18.7 Air Magic


You had 2 spell levels left.
You knew the following spells:

 Your Spells              Type           Power        Failure   Level  Hunger
b - Blink                 Tloc           N/A          1%          2    None
c - Mephitic Cloud        Conj/Pois/Air  ######..     1%          3    None
d - Repel Missiles        Chrm/Air       ######       0%          2    None
h - Haste                 Chrm           #######.     3%          6    None
i - Conjure Ball Lightni  Conj/Air       #######...   1%          6    None
v - Fireball              Conj/Fire      ######....   3%          5    None
x - Throw Icicle          Conj/Ice       ######..     1%          4    None
y - Lightning Bolt        Conj/Air       #######...   1%          5    None
z - Airstrike             Air            #######...   0%          4    None
V - Tornado               Air            #######...   45%         9    #######
X - Poisonous Cloud       Conj/Pois/Air  ######....   2%          6    None
Z - Magic Dart            Conj           ####         1%          1    None


Dungeon Overview and Level Annotations

Branches:
Dungeon (15/15)            Temple (0/1) D:7            Lair (8/8) D:11
  Swamp (0/5) Lair:3       Spider (2/5) Lair:3        Slime (0/6) Lair:7
    Orc (4/4) D:9             Elf (0/3) Orc:3        Vaults (0/5) D:14
 Depths (0/5) D:15

Altars:
Ashenzari
Dithmenos
Gozag
Makhleb
Sif Muna
Vehumet
Xom
Yredelemnul
Zin
Beogh
Jiyva

Shops:
D:13 [   Orc:4 (?!}*

Annotations:
Lair:7 1 runed door
Lair:8 1 runed door
Spider:1 exclusion: Roxanne, Roxanne

Inventory:

Hand weapons
 b - a +1 blowgun
 t - the +5 flail of Paper {holy, rElec rPois Str+4 Int+4}
   (You found it on level 6 of the Lair of Beasts)

   It has been blessed by the Shining One to cause great damage to the undead
   and demons.
   It affects your strength (+4).
   It affects your intelligence (+4).
   It insulates you from electricity.
   It protects you from poison.
Missiles
 c - 6 needles of slowing
 L - 4 curare-tipped needles
Armour
 u - a +2 helmet (worn)
 z - a +1 mottled dragon armour (worn)
 J - a +0 pair of boots (worn)
 K - a +0 pair of gloves (worn)
 S - a +2 cloak of poison resistance (worn)
   (You took it off Maurice on level 13 of the Dungeon)
 X - a +1 buckler
Magical staves
 a - an uncursed staff of power (weapon) {!a}
Jewellery
 j - the ring "Jiass" (right hand) {+Fly rF+ MP+9 Int+4}
   (You found it on level 6 of the Lair of Beasts)

   [ring of flight]

   It affects your intelligence (+4).
   It protects you from fire.
   It affects your magic capacity (+9).
   It lets you fly.
 m - an uncursed ring of protection from fire
 y - a +6 ring of dexterity
 A - an uncursed ring of protection from magic
 N - a +5 ring of protection (left hand)
 O - an amulet of clarity (around neck)
Magical devices
 l - a wand of lightning (4)
 v - a wand of hasting (7) {@v3}
 Y - a wand of digging (10)
Scrolls
 f - 9 scrolls of teleportation {@r4}
 h - a scroll of vulnerability {!r}
 i - 5 scrolls of recharging
 n - 2 scrolls of fog
 p - 3 scrolls of enchant weapon
 s - a scroll of fear
 x - 14 scrolls of remove curse {@r2}
 B - 5 scrolls of blinking
 C - 6 scrolls of magic mapping
 G - 2 scrolls of silence
 V - 2 scrolls of amnesia
Potions
 o - 5 potions of curing {@q1}
 q - 2 potions of restore abilities
 r - 4 potions of brilliance
 w - 5 potions of agility
 E - a potion of cancellation
 F - 2 potions of haste {@q3}
 M - 3 potions of magic
 P - 3 potions of flight
 T - 2 potions of resistance
Books
 k - a book of Control
Miscellaneous
 Q - a phial of floods (inert)
 Z - a fan of gales (inert)
Comestibles
 d - 13 bread rations
 g - a beef jerky

#.#.#....####..##...#..#.......
#.......#.........s......##.[.#
#.#..#..#......#..#...###.#(#..
#...#.####...†##....#.##..#.#..
#..##...##...†....#.#..#..#...#
#.#....#...#####..#.........†#.
#...^##..##....###......#.(.###
#.....#......#......#.#...#####
#........#†#..@..)...#.#...#...
#...#....#...#s.>#..#.#..#.....
#.#....#....###.##..§†....#...#
#.#...#.#.#....#...#...###.....
#..........#(.....#...## #.#s.#
#.#.....$#....#...#....####....
#....##..###..#...#.#...# ##.#.
#...###.## ####..##%...## ##..
#...# ### #......#:..## ##.


You could see a wolf spider.


Message History

* * * LOW HITPOINT WARNING * * *
The jumping spider barely misses you.
You climb downwards.
You feel sick.
There is a stone staircase leading up, spattered with blood here.
The air twists around and strikes the jumping spider!
The jumping spider leaps!
The air twists around and strikes the jumping spider!
You hear a mighty clap of thunder!
The bolt of lightning hits the jumping spider.
Evoking this partially-identified wand wasted a few charges.
You hear a mighty clap of thunder!
The bolt of lightning hits the jumping spider.
The jumping spider appears unharmed.
Evoking this partially-identified wand wasted a few charges.
You don't have enough magic to cast that spell.
The magic dart hits the jumping spider.
You kill the jumping spider!
Vehumet accepts your kill.
You feel your power returning.
You feel sick.
You start resting.
You feel sick.
You feel you are being watched by something.
You feel your power leaking away.
Your extra speed is starting to run out.
You feel sick. The soldier ant closely misses you.
You feel you are being watched by something.
You feel your power leaking away. The soldier ant closely misses you.
You feel you are being watched by something.
You feel yourself slow down.
You feel sick.
You are no longer poisoned.
You feel you are being watched by something.
You feel your power leaking away.
You feel you are being watched by something.
You feel your power leaking away.
You feel you are being watched by something.
You feel you are being watched by something.
You feel your power leaking away.
You feel you are being watched by something.
You feel your power leaking away.
You feel you are being watched by something.
You feel your power leaking away.
You feel you are being watched by something.
Something hits you but does no damage. x2
Something stings you but does no damage.
You feel you are being watched by something.
You feel your power leaking away.
You feel you are being watched by something.
There is a stone staircase leading up here.
You feel you are being watched by something.
You feel your power leaking away. Something hits you.
* * * LOW HITPOINT WARNING * * *
You feel weakened. Something completely misses you.
Something stings you but does no damage.
You climb upwards.
Level annotation: exclusion: Roxanne, Roxanne
There is a stone staircase leading down here.
Something hits you but does no damage. Something hits you!
* * * LOW HITPOINT WARNING * * *
You feel dopey.
Something stings you but does no damage.
You feel you are being watched by something.
You feel your power leaking away. Something hits you but does no damage.
Something hits you.
* * * LOW HITPOINT WARNING * * *
Something stings you.
You die...

Action                   |  1- 3 |  4- 6 |  7- 9 | 10-12 | 13-15 | 16-18 || total
-------------------------+-------+-------+-------+-------+-------+-------++-------
Melee: Unarmed           |     4 |       |       |       |       |       ||     4
       Club              |     5 |       |       |       |       |       ||     5
       Short sword       |    10 |     3 |       |       |       |       ||    13
       Flail             |       |     6 |    92 |   171 |    37 |    35 ||   341
       Dagger            |       |       |    10 |       |       |       ||    10
       Blowgun           |       |       |       |     1 |       |       ||     1
       Staff             |       |       |       |       |     2 |     1 ||     3
 Fire: Blowgun           |       |    10 |    76 |    24 |    97 |       ||   207
Throw: Stone             |    21 |     5 |    14 |       |       |       ||    40
 Cast: Magic Dart        |   119 |   188 |   356 |   412 |   179 |     6 ||  1260
       Conjure Flame     |     3 |     2 |    12 |    18 |       |       ||    35
       Repel Missiles    |       |     1 |     2 |       |     5 |     2 ||    10
       Mephitic Cloud    |       |       |    13 |    18 |    36 |       ||    67
       Throw Icicle      |       |       |    27 |   269 |   201 |       ||   497
       Blink             |       |       |     3 |     5 |     4 |       ||    12
       Airstrike         |       |       |       |   203 |  1069 |   289 ||  1561
       Conjure Ball Ligh |       |       |       |     2 |    14 |       ||    16
       Haste             |       |       |       |       |     7 |     5 ||    12
       Fireball          |       |       |       |       |    41 |       ||    41
       Poisonous Cloud   |       |       |       |       |    43 |    18 ||    61
       Lightning Bolt    |       |       |       |       |    19 |    11 ||    30
Evoke: Wand              |       |       |       |     2 |     3 |     4 ||     9
       Fan of gales (ine |       |       |       |       |       |     1 ||     1
       Phial of floods ( |       |       |       |       |       |     1 ||     1
  Use: Scroll            |       |     3 |     6 |    16 |    27 |     3 ||    55
       Potion            |       |       |     3 |     1 |     2 |    10 ||    16
 Stab: Sleeping          |     2 |       |     3 |     1 |       |       ||     6
       Confused          |       |       |     6 |     2 |    15 |       ||    23
  Eat: Chunk             |     3 |     5 |    15 |    29 |    22 |     6 ||    80
       Beef jerky        |       |     1 |       |     4 |     1 |       ||     6
       Pizza             |       |     1 |     1 |     1 |     1 |     1 ||     5
       Fruit             |       |       |     5 |     4 |     4 |       ||    13
       Royal jelly       |       |       |     2 |     2 |       |       ||     4
       Meat ration       |       |       |       |       |     8 |     1 ||     9
       Bread ration      |       |       |       |       |     2 |     1 ||     3

Vault maps used:
D:1:      dpeg_arrival_arbitrary_c
D:3:      old_standard_altar, serial_bayou_pond_c
D:4:      black_bear_nest_1, first_bread, grunt_gozag_statues
D:5:      uniq_pikel, uniq_edmund
D:6:      minivault_1, xom_redecorated
D:7:      grunt_temple_overflow_order_and_chaos_2, minitemple,
          lemuel_doored_altar, temple_hall
D:8:      uniq_duvessa
D:9:      minmay_orc_entry_temple_small
D:10:     boulder_corridor_run, hangedman_stone_soup, hangedman_weighted_door,
          uniq_nergalle, uniq_psyche
D:11:     erik_lair_dragon, serial_ice, serial_ice_c, serial_ice_m,
          serial_ice_f, serial_ice_j, serial_ice_n, serial_ice_h, serial_ice_o,
          lemuel_tele_altar
D:12:     fountainhead
D:13:     serial_shops, nicolae_shop_overgrown_old_shop, uniq_maurice
D:14:     grunt_vaults_entry_tiered, minmay_holes
D:15:     grunt_enter_depths_snipers, hangedman_decor_opposing
Lair:3:   nicolae_swamp_entry_splash_gauntlet, spider_nest_entry_rubble,
          st_stairs_13, pond
Lair:5:   nicolae_volcano_entry_vermiform, portal_ice_cave_entry_pillars_01,
          serial_bayou_shore_a
Lair:6:   dpeg_oklob_1
Lair:7:   slime_altar_2
Lair:8:   hangedman_lair_tendril_chambers, wormcave, minivault_11
Spider:1: nicolae_spider_mines_3, zaba_anthell, uniq_roxanne
Spider:2: einodemon_crawler_minivault
Orc:2:    orc_temple, serial_shops, nicolae_shop_window_shopping, uniq_joseph,
          uniq_josephine, uniq_erolcha
Orc:3:    nicolae_orc_pool_cavern, bloody_makhleb
Orc:4:    st_orc_rangers, serial_shops, shop_fountains
IceCv:    ice_cave_small_giant

Notes
Turn   | Place    | Note
--------------------------------------------------------------
     0 | D:1      | Sixotanaka, the High Elf Wizard, began the quest for the Orb.
     0 | D:1      | Reached XP level 1. HP: 11/11 MP: 5/5
   513 | D:1      | Reached skill level 4 in Spellcasting
   543 | D:1      | Reached XP level 2. HP: 17/17 MP: 6/8
   701 | D:1      | Reached skill level 2 in Conjurations
  1220 | D:1      | Reached XP level 3. HP: 21/21 MP: 4/11
  1412 | D:2      | Learned a level 3 spell: Conjure Flame
  1416 | D:2      | Learned a level 3 spell: Mephitic Cloud
  1729 | D:2      | Sixotanaka: hey
  1729 | D:2      | zzxc: sup
  1729 | D:2      | Sixotanaka: at uni
  1736 | D:2      | Sixotanaka: we finally have enolugh internet to load
  1736 | D:2      | Sixotanaka: crawl
  1736 | D:2      | Sixotanaka: before you couldn't even load a website
  1736 | D:2      | zzxc: takes many internets huh
  1736 | D:2      | Sixotanaka: one adsl2 connection split like 700 ways
  1736 | D:2      | Sixotanaka: now it's like 15 adsl2 connections
  1736 | D:2      | Sixotanaka: they were getting fibre to the premises in jan but the contractors are contractors
  1736 | D:2      | Sixotanaka: and never show up
  1748 | D:2      | Reached skill level 3 in Conjurations
  1827 | D:2      | Reached XP level 4. HP: 11/27 MP: 0/15
  2018 | D:2      | zzxc: testing viewing this on multiple browsers
  2018 | D:2      | Sixotanaka: lol
  2018 | D:2      | Sixotanaka: but it's k because
  2018 | D:2      | Sixotanaka: the head of school went and personally apologized to every class
  2032 | D:2      | Sixotanaka: yay
  2032 | D:2      | Sixotanaka: this always happens
  2032 | D:2      | Sixotanaka: to me
  2119 | D:2      | zzxc: the chat font is larger
  2165 | D:2      | zzxc: slightly
  2165 | D:2      | zzxc: in firefox
  2271 | D:2      | Sixotanaka: rly?
  2271 | D:2      | zzxc: but I can read it more easily in chrome
  2271 | D:2      | Sixotanaka: lol
  2271 | D:2      | Sixotanaka: wat
  2273 | D:2      | zzxc: idk
  2353 | D:2      | Learned a level 2 spell: Blink
  2488 | D:2      | zzxc: wewird
  2545 | D:3      | Sixotanaka: miscast effect
  2545 | D:3      | Sixotanaka: "you feel uncomfortably hot."
  2545 | D:3      | Sixotanaka: sounds like melbourne
  2545 | D:3      | zzxc: superhot
  2546 | D:3      | Reached skill level 5 in Spellcasting
  2572 | D:3      | Sixotanaka: have u heard of that game?
  2572 | D:3      | zzxc: yes ofc
  2572 | D:3      | Sixotanaka: i hadn't till today
  2572 | D:3      | zzxc: I think I showed you it
  2572 | D:3      | Sixotanaka: someone playing it
  2572 | D:3      | Sixotanaka: nah
  2572 | D:3      | Sixotanaka: u didnt
  2572 | D:3      | zzxc: im suuure I did
  2572 | D:3      | zzxc: at least I wrotoe about it in the group chat
  2572 | D:3      | Sixotanaka: maybe in TAK
  2572 | D:3      | zzxc: like a year ago
  2572 | D:3      | Sixotanaka: and i didn't read
  2572 | D:3      | Sixotanaka: because like 100+ more messages
  2599 | D:3      | zzxc: takchat
  2599 | D:3      | zzxc: lol
  2599 | D:3      | Sixotanaka: flail vs shortsword unskilled?
  2599 | D:3      | zzxc: flail
  2600 | D:3      | zzxc: more damage
  2610 | D:3      | Sixotanaka: robe with this helmet
  2610 | D:3      | Sixotanaka: and flail
  2670 | D:3      | Sixotanaka: wat
  2670 | D:3      | Sixotanaka: just gonna sit here for a moment and appreciate the +6 ego dex ring
  2670 | D:3      | zzxc: that is nice
  2670 | D:3      | zzxc: maybe train early dodging
  2670 | D:3      | Sixotanaka: oops
  2670 | D:3      | Sixotanaka: forgot to take off spellcasting
  2670 | D:3      | zzxc: lol
  2670 | D:3      | Sixotanaka: distracted
  2670 | D:3      | Sixotanaka: because in a classroom
  2670 | D:3      | Sixotanaka: got 2x monitors here tho
  2725 | D:3      | zzxc: there's this guy
  2730 | D:3      | zzxc: asking ifor dcss advice
  2736 | D:3      | zzxc: he's played for a year now
  2737 | D:3      | zzxc: never gotten past xl 13
  2737 | D:3      | Sixotanaka: ya?
  2737 | D:3      | Sixotanaka: was this the china guy??
  2737 | D:3      | zzxc: no
  2737 | D:3      | Sixotanaka: o
  2738 | D:3      | zzxc: some other guy
  2742 | D:3      | Sixotanaka: woha
  2742 | D:3      | HP: 2/27 [orc priest/divine providence (14)]
  2745 | D:2      | zzxc: lol
  2745 | D:2      | zzxc: smite does 7-17 dmg
  2745 | D:2      | Sixotanaka: wow i only have 27 hp
  2846 | D:2      | zzxc: high elf is pretty bad
  2940 | D:2      | zzxc: high elf wizard
  2940 | D:2      | Sixotanaka: ya
  2940 | D:2      | Sixotanaka: just messing aroud
  2940 | D:2      | Sixotanaka: around
  2940 | D:2      | zzxc: way to make it worse
  2944 | D:2      | zzxc: Ii have played HEWz once
  2944 | D:2      | zzxc: online
  2944 | D:2      | Sixotanaka: I could win a Be of every race
  2944 | D:2      | zzxc: and I died
  2944 | D:2      | Sixotanaka: but what's the fun of that?
  2944 | D:2      | zzxc: against the first enemy I saw
  2959 | D:2      | zzxc: in D:1
  2965 | D:2      | zzxc: a hobgoblin
  2965 | D:2      | zzxc: annihilated me
  2965 | D:2      | Sixotanaka: rofl
  2965 | D:2      | zzxc: destroyedddd
  2965 | D:2      | Sixotanaka: i almost got wrecked by a cockroach
  2965 | D:2      | Sixotanaka: earlier
  2965 | D:2      | zzxc: I've been wrecked by bats before
  2965 | D:2      | Sixotanaka: had to pillar kite it for 5 full mana pools
  2965 | D:2      | zzxc: on a tengu
  2965 | D:2      | Sixotanaka: to finally dart it
  2965 | D:2      | Sixotanaka: LOL
  2965 | D:2      | Sixotanaka: yeah
  2965 | D:2      | zzxc: not even on D1
  2965 | D:2      | Sixotanaka: i've died to a bat before
  2965 | D:2      | Sixotanaka: on an OpVM
  2965 | D:2      | Sixotanaka: i think
  3028 | D:3      | Found a radiant altar of Vehumet.
  3046 | D:3      | Became a worshipper of Vehumet
  3077 | D:3      | zzxc: this guy
  3077 | D:3      | Noticed hotsauceodonough's ghost (average HEWz)
  3078 | D:3      | zzxc: I think
  3078 | D:3      | zzxc: the china guy
  3078 | D:3      | zzxc: was playing HEWz
  3078 | D:3      | Sixotanaka: only knows blink
  3078 | D:3      | zzxc: fairly hard race
  3078 | D:3      | zzxc: and a hard background
  3078 | D:3      | Sixotanaka: yah
  3078 | D:3      | zzxc: making it a very hard combination
  3078 | D:3      | zzxc: combo
  3078 | D:3      | Sixotanaka: i mean i suck so may aswell make it hard
  3078 | D:3      | zzxc: and
  3078 | D:3      | Sixotanaka: so i dont get lazy
  3078 | D:3      | zzxc: and
  3078 | D:3      | zzxc: and
  3078 | D:3      | zzxc: and
  3078 | D:3      | Sixotanaka: like i normally do
  3078 | D:3      | zzxc: he insisted on playing with ashenzari
  3078 | D:3      | Sixotanaka: rofl
  3078 | D:3      | zzxc: which is like the worst god
  3078 | D:3      | zzxc: for early game
  3078 | D:3      | zzxc: and even worse, he didnt find ash until like D:8
  3078 | D:3      | zzxc: so it's like
  3078 | D:3      | zzxc: hard + hard + hard
  3078 | D:3      | zzxc: =
  3078 | D:3      | zzxc: and + inexperienced player
  3078 | D:3      | Sixotanaka: lol
  3078 | D:3      | zzxc: no wonder he's died 4k times
  3078 | D:3      | zzxc: without anything remotely near a wind
  3078 | D:3      | zzxc: win
  3078 | D:3      | Sixotanaka: someone went and turned on all the compatibility modes for the lecturer
  3078 | D:3      | Sixotanaka: rofl
  3078 | D:3      | Sixotanaka: the lecturer actually a smart guy unlike my latrobe ones tho
  3091 | D:3      | Killed hotsauceodonough's ghost
  3091 | D:3      | Reached skill level 4 in Conjurations
  3091 | D:3      | Reached XP level 5. HP: 27/31 MP: 5/18
  3092 | D:3      | Sixotanaka: yay xp
  3130 | D:3      | zzxc: whaat
  3130 | D:3      | zzxc: you killed a ghost
  3130 | D:3      | zzxc: with magic dart
  3130 | D:3      | zzxc: that must be a first
  3130 | D:3      | Sixotanaka: he was
  3130 | D:3      | Sixotanaka: HeWZ
  3130 | D:3      | Sixotanaka: with only blink
  3267 | D:3      | Sixotanaka: woha
  3267 | D:3      | Sixotanaka: nice ring
  3267 | D:3      | zzxc: I assume the guy playing superhot
  3267 | D:3      | zzxc: was playing the free version
  3267 | D:3      | Sixotanaka: lol
  3267 | D:3      | zzxc: since it started as a 7dfps
  3267 | D:3      | Sixotanaka: yeah
  3267 | D:3      | zzxc: I've played that
  3267 | D:3      | Sixotanaka: the free flash sorta thing
  3267 | D:3      | Sixotanaka: with 3 levles
  3267 | D:3      | zzxc: what's fun is
  3267 | D:3      | Sixotanaka: people were trying to beat it with melee only
  3267 | D:3      | zzxc: trying to play it in realtime
  3267 | D:3      | Sixotanaka: ya
  3277 | D:3      | zzxc: but im convinced it's impossible
  3277 | D:3      | zzxc: because
  3277 | D:3      | zzxc: bullets come around the corner
  3277 | D:3      | zzxc: there's no waaaay you can react
  3277 | D:3      | Sixotanaka: lol
  3277 | D:3      | Sixotanaka: the 3 level one or the full game?
  3277 | D:3      | Sixotanaka: challenged a dude to do it
  3277 | D:3      | Sixotanaka: who plays blacklight
  3277 | D:3      | zzxc: the 3 level
  3277 | D:3      | Sixotanaka: 16 y/o who runs the biggest aus clan
  3277 | D:3      | Sixotanaka: in blacklight
  3277 | D:3      | zzxc: I havent seen the full game in action
  3278 | D:3      | Sixotanaka: u know blacklight/
  3278 | D:3      | Sixotanaka: ?
  3278 | D:3      | zzxc: nop
  3278 | D:3      | Sixotanaka: fps game where everyone can wallhack
  3278 | D:3      | Sixotanaka: but u need to put away weapon for a sec
  3320 | D:3      | Sixotanaka: basically it achieves the same purpose as pickups/bombs
  3320 | D:3      | Sixotanaka: in terms of making camping less reliable/op strat
  3332 | D:3      | Sixotanaka: ok brb
  3332 | D:3      | zzxc: weird that I havent heard of it
  3332 | D:3      | zzxc: sounds interesting
  3332 | D:3      | zzxc: seems a bit clunky tho
  3332 | D:3      | zzxc: taking weapons away
  3332 | D:3      | zzxc: for a period of time
  3332 | D:3      | zzxc: in order to wallhack
  3332 | D:3      | Sixotanaka: hehehe
  3332 | D:3      | Sixotanaka: eli is stuck on the grab the gun level
  3391 | D:3      | Reached skill level 5 in Conjurations
  3445 | D:3      | Sixotanaka: rage quitted ROFL
  3574 | D:3      | Reached XP level 6. HP: 36/36 MP: 13/20
  3783 | D:4      | zzxc: hah
  3814 | D:4      | Reached skill level 6 in Conjurations
  3927 | D:4      | Acquired Vehumet's first power
  3927 | D:4      | Offered knowledge of Sandblast by Vehumet.
  4412 | D:4      | Sixotanaka: some other guy got through the get the gun levle
  4412 | D:4      | Sixotanaka: now he's on the 10 enemy one
  4460 | D:4      | Learned a level 2 spell: Repel Missiles
  4519 | D:4      | Found an opulent altar of Gozag.
  4583 | D:4      | Reached skill level 7 in Conjurations
  4583 | D:4      | Reached XP level 7. HP: 41/41 MP: 8/21
  4781 | D:4      | Reached skill level 3 in Dodging
  4820 | D:4      | HP: 10/41 [poisoned by an orc]
  4827 | D:4      | HP: 8/41 [poisoned by an orc]
  4834 | D:4      | HP: 7/41 [poisoned by an orc]
  4842 | D:4      | HP: 6/41 [poisoned by an orc]
  5201 | D:5      | Entered Level 5 of the Dungeon
  5696 | D:5      | HP: 10/41 [orc priest/divine providence (13)]
  5702 | D:5      | HP: 10/41 [orc priest/nerve-wracking pain (1)]
  6101 | D:5      | Offered knowledge of Sting by Vehumet.
  6309 | D:5      | Reached skill level 4 in Dodging
  6329 | D:5      | Noticed Edmund
  6330 | D:5      | Upgraded the game from 0.16-a0-4006-g78efcc4 to 0.16-a0-4020-g6ff35b5
  6360 | D:5      | Noticed Pikel
  6823 | D:5      | Killed Pikel
  6823 | D:5      | Reached skill level 5 in Dodging
  6823 | D:5      | Reached skill level 8 in Conjurations
  6823 | D:5      | Reached XP level 8. HP: 42/46 MP: 17/22
  6976 | D:5      | Killed Edmund
  6976 | D:5      | Reached skill level 6 in Dodging
  7024 | D:5      | Reached skill level 9 in Conjurations
  7355 | D:6      | Found a shimmering altar of Xom.
  7355 | D:6      | Found a shimmering altar of Xom.
  7373 | D:6      | Found a shimmering altar of Xom.
  7374 | D:6      | Found a shimmering altar of Xom.
  7374 | D:6      | Found a shimmering altar of Xom.
  7642 | D:6      | Reached skill level 7 in Dodging
  7999 | D:6      | Offered knowledge of Throw Flame by Vehumet.
  8326 | D:7      | Found a staircase to the Ecumenical Temple.
  8373 | D:7      | Acquired Vehumet's second power
  8458 | D:7      | Found a shadowy altar of Dithmenos.
  8463 | D:7      | Reached skill level 10 in Conjurations
  8467 | D:7      | Found an opulent altar of Gozag.
  8468 | D:7      | Found a deep blue altar of Sif Muna.
  8569 | D:7      | Reached XP level 9. HP: 42/51 MP: 22/24
  8737 | D:7      | Found a burning altar of Makhleb.
  8740 | D:7      | Found a glowing silver altar of Zin.
  8740 | D:7      | Noticed an angel
  8741 | D:7      | Noticed a blizzard demon
  8993 | D:7      | Found a basalt altar of Yredelemnul.
  9179 | D:8      | Reached skill level 11 in Conjurations
  9349 | D:8      | Noticed Duvessa
  9352 | D:8      | Noticed Dowan
  9361 | D:8      | Killed Duvessa
  9361 | D:8      | Reached skill level 1 in Charms
  9375 | D:8      | Killed Dowan
  9420 | D:8      | Learned a level 4 spell: Throw Icicle
  9493 | D:8      | Reached skill level 2 in Translocations
  9617 | D:8      | Reached skill level 2 in Charms
  9639 | D:8      | Noticed a purple ugly thing
  9644 | D:8      | Killed a purple ugly thing
  9644 | D:8      | Reached skill level 4 in Air Magic
  9922 | D:8      | Reached skill level 5 in Air Magic
 10384 | D:9      | Reached skill level 6 in Air Magic
 10433 | D:9      | Offered knowledge of Olgreb's Toxic Radiance by Vehumet.
 10680 | D:9      | Reached skill level 7 in Air Magic
 10854 | D:9      | Reached XP level 10. HP: 56/56 MP: 19/25
 11003 | D:9      | Found a staircase to the Orcish Mines.
 11108 | D:9      | Reached skill level 6 in Spellcasting
 11632 | D:9      | Reached skill level 7 in Spellcasting
 11923 | D:9      | Found a roughly hewn altar of Beogh.
 11929 | D:9      | Acquired Vehumet's third power
 11938 | D:9      | Offered knowledge of Airstrike by Vehumet.
 12143 | D:9      | Reached skill level 8 in Spellcasting
 12333 | D:9      | Reached skill level 9 in Spellcasting
 12626 | D:10     | Entered Level 10 of the Dungeon
 12960 | D:10     | HP: 13/56 [centaur skeleton (8)]
 12969 | D:10     | HP: 10/56 [centaur skeleton (5)]
 13160 | D:10     | Reached skill level 10 in Spellcasting
 13427 | D:10     | Killed an unseen horror
 13767 | D:10     | Reached skill level 11 in Spellcasting
 13938 | D:10     | Reached XP level 11. HP: 61/61 MP: 13/32
 13953 | D:10     | Learned a level 4 spell: Airstrike
 14225 | D:10     | Noticed a hill giant
 14229 | D:10     | Noticed Nergalle
 14234 | D:10     | Killed a hill giant
 14234 | D:10     | Reached skill level 8 in Air Magic
 14238 | D:10     | Killed Nergalle
 14287 | D:10     | Reached skill level 9 in Air Magic
 14509 | D:10     | Noticed Psyche
 14513 | D:10     | Killed Psyche
 14795 | D:11     | Offered knowledge of Conjure Ball Lightning by Vehumet.
 14795 | D:11     | Reached skill level 10 in Air Magic
 14803 | D:11     | Learned a level 6 spell: Conjure Ball Lightning
 14919 | D:11     | Noticed a hill giant
 14928 | D:11     | Killed a hill giant
 15054 | D:11     | Noticed a seven-headed hydra
 15310 | D:11     | Reached skill level 11 in Air Magic
 15418 | D:11     | Killed a seven-headed hydra
 15957 | D:11     | Reached skill level 12 in Air Magic
 16030 | D:11     | Upgraded the game from 0.16-a0-4020-g6ff35b5 to 0.16-a0-4022-gf202f35
 16462 | D:11     | Found a shattered altar of Ashenzari.
 16796 | D:11     | Reached skill level 13 in Air Magic
 17408 | D:11     | Reached XP level 12. HP: 62/66 MP: 17/33
 17444 | D:11     | HP: 15/66 [komodo dragon (8)]
 17628 | D:11     | Found a staircase to the Lair.
 17647 | D:11     | Learned a level 6 spell: Haste
 17845 | Lair:1   | Entered Level 1 of the Lair of Beasts
 18077 | Lair:1   | Reached skill level 3 in Charms
 18309 | Lair:1   | Reached skill level 4 in Charms
 18853 | Lair:1   | Reached skill level 5 in Charms
 20061 | Lair:2   | Reached skill level 6 in Charms
 20802 | Lair:3   | Reached skill level 7 in Charms
 20906 | Lair:2   | Reached skill level 12 in Spellcasting
 21940 | Lair:3   | Found a staircase to the Swamp.
 22060 | Lair:3   | Reached skill level 8 in Charms
 22887 | Lair:3   | Reached skill level 9 in Charms
 23208 | Lair:3   | Found a hole to the Spider Nest.
 24233 | Lair:4   | Reached skill level 13 in Spellcasting
 24237 | Lair:4   | Reached XP level 13. HP: 71/71 MP: 3/35
 24462 | Lair:4   | Noticed an eight-headed hydra
 24499 | Lair:4   | Killed an eight-headed hydra
 24778 | Lair:4   | Reached skill level 10 in Charms
 26507 | Lair:5   | Found a frozen archway.
 26513 | IceCv    | Entered an ice cave
 26546 | IceCv    | Reached skill level 11 in Charms
 26918 | Lair:5   | Offered knowledge of Fireball by Vehumet.
 26918 | Lair:5   | Reached skill level 14 in Spellcasting
 27813 | Lair:6   | Reached skill level 12 in Charms
 28368 | Lair:6   | Upgraded the game from 0.16-a0-4022-gf202f35 to 0.16-a0-4024-g0ecf4ac
 28666 | Lair:6   | Got a smoking flail
 28667 | Lair:6   | Identified the +5 flail of Paper {holy, rElec rPois Str+4 Int+4} (You found it on level 6 of the Lair of Beasts)
 28771 | Lair:6   | Got a glittering ivory ring
 28773 | Lair:6   | Identified the ring "Jiass" {+Fly rF+ MP+9 Int+4} (You found it on level 6 of the Lair of Beasts)
 29355 | Lair:6   | Reached skill level 15 in Spellcasting
 29359 | Lair:6   | HP: 15/71 [ball lightning[the player character] (27)]
 29719 | Lair:6   | Reached XP level 14. HP: 51/76 MP: 14/38
 30903 | Lair:7   | Found a runed door.
 30903 | Lair:7   | Found a viscous altar of Jiyva.
 30905 | Lair:7   | Found a staircase to the Slime Pits.
 30906 | Lair:7   | Noticed an azure jelly
 30933 | Lair:7   | Reached skill level 16 in Spellcasting
 30964 | Lair:7   | Learned a level 5 spell: Fireball
 31104 | Lair:7   | Offered knowledge of Bolt of Fire by Vehumet.
 31316 | Lair:7   | Noticed an azure jelly
 31493 | Lair:7   | Reached skill level 14 in Air Magic
 31775 | Lair:8   | Entered Level 8 of the Lair of Beasts
 31788 | Lair:8   | HP: 9/76 [spiny frog (15)]
 32756 | Lair:8   | Reached skill level 15 in Air Magic
 33486 | Lair:8   | Learned a level 6 spell: Poisonous Cloud
 34103 | Lair:8   | Offered knowledge of Lightning Bolt by Vehumet.
 34554 | Lair:8   | Reached skill level 16 in Air Magic
 34865 | Lair:8   | Found a runed door.
 36873 | Lair:6   | Learned a level 5 spell: Lightning Bolt
 38106 | D:12     | Reached XP level 15. HP: 81/81 MP: 34/39
 38827 | D:13     | Offered knowledge of Freezing Cloud by Vehumet.
 38939 | D:13     | HP: 13/81 [cyclops/large rock[the player character] (49)]
 39468 | D:13     | Found Jimel's Antique Armour Emporium.
 39697 | D:13     | Noticed Maurice
 40138 | D:13     | Reached skill level 17 in Spellcasting
 40138 | D:13     | Reached skill level 17 in Air Magic
 40221 | D:13     | Killed Maurice
 40519 | Orc:1    | Entered Level 1 of the Orcish Mines
 40787 | Orc:2    | Noticed Josephine
 40790 | Orc:2    | Killed Josephine
 41592 | Orc:2    | Noticed Erolcha
 41596 | Orc:2    | Killed Erolcha
 41619 | Orc:2    | Found a roughly hewn altar of Beogh.
 41784 | Orc:2    | Noticed Joseph
 41789 | Orc:2    | Killed Joseph
 42465 | Orc:2    | Offered knowledge of Iron Shot by Vehumet.
 42746 | Orc:3    | Found a staircase to the Elven Halls.
 43066 | Orc:3    | Found a burning altar of Makhleb.
 43437 | Orc:4    | Entered Level 4 of the Orcish Mines
 43537 | Orc:4    | zzxc: how's going
 43538 | Orc:4    | Sixotanaka: good
 43538 | Orc:4    | Sixotanaka: about to stop since i have like a 3 second delay
 43541 | Orc:4    | zzxc: refresh?
 43541 | Orc:4    | Sixotanaka: already have
 43541 | Orc:4    | zzxc: and you're NOT torrenting?
 43541 | Orc:4    | zzxc: =p
 43541 | Orc:4    | zzxc: because I've done that before
 43541 | Orc:4    | Sixotanaka: no
 43649 | Orc:4    | Upgraded the game from 0.16-a0-4024-g0ecf4ac to 0.16-a0-4044-gd6c5e7b
 43688 | Orc:4    | Reached skill level 18 in Spellcasting
 43954 | Orc:4    | Found Pseit's Magic Scroll Boutique.
 43954 | Orc:4    | Found Nuish's Distillery.
 43957 | Orc:4    | Found Lieptoik's Gadget Shoppe.
 43959 | Orc:4    | Found Exoher's Weapon Shop.
 43990 | Orc:4    | Bought a scroll of identify for 26 gold pieces
 43990 | Orc:4    | Bought a scroll of identify for 26 gold pieces
 43990 | Orc:4    | Bought a scroll of identify for 26 gold pieces
 44024 | Orc:4    | Upgraded the game from 0.16-a0-4044-gd6c5e7b to 0.16-a0-4056-gee4db93
 44621 | Orc:4    | Found Odupa's Assorted Antiques.
 44768 | Orc:4    | Bought a potion of heal wounds for 85 gold pieces
 44768 | Orc:4    | Bought a scroll of identify for 34 gold pieces
 44768 | Orc:4    | Bought a scroll of identify for 34 gold pieces
 44768 | Orc:4    | Bought a scroll of identify for 34 gold pieces
 44768 | Orc:4    | Bought a potion of curing for 51 gold pieces
 44787 | Orc:4    | Offered knowledge of Ozocubu's Refrigeration by Vehumet.
 46673 | D:14     | Paralysed by a wizard for 3 turns
 47122 | D:14     | Found a gate to the Vaults.
 47274 | D:15     | Entered Level 15 of the Dungeon
 47289 | D:15     | Reached skill level 19 in Spellcasting
 47293 | D:15     | Offered knowledge of Lehudib's Crystal Spear by Vehumet.
 47293 | D:15     | Offered knowledge of Glaciate by Vehumet.
 47293 | D:15     | Offered knowledge of Shatter by Vehumet.
 47829 | D:15     | Reached XP level 16. HP: 64/86 MP: 18/41
 48981 | D:15     | Found a staircase to the Depths.
 48983 | D:15     | Reached skill level 18 in Air Magic
 50108 | Spider:1 | Entered Level 1 of the Spider Nest
 50108 | Spider:1 | Noticed Roxanne
 50984 | Spider:1 | Learned a level 9 spell: Tornado
 51250 | Spider:2 | Reached skill level 4 in Shields
 51250 | Spider:2 | Reached XP level 17. HP: 79/90 MP: 42/42
 51728 | Spider:2 | Reached skill level 5 in Shields
 51782 | Spider:2 | HP: 21/90 [demonic crawler (7)]
 51791 | Spider:2 | HP: 11/90 [demonic crawler (8)]
 51863 | Spider:2 | HP: 13/90 [tarantella (11)]
 51868 | Spider:2 | HP: 8/90 [tarantella (7)]
 52480 | Spider:1 | HP: 20/90 [soldier ant (7)]
 52986 | Spider:1 | Gained mutation: You have a pair of small horns on your head. [potion of beneficial mutation]
 52987 | Spider:1 | Lost mutation: You have a pair of small horns on your head. [potion of cure mutation]
 53035 | Spider:1 | HP: 22/90 [poisoned by a wolf spider]
 53042 | Spider:1 | HP: 20/90 [poisoned by a wolf spider]
 53048 | Spider:1 | HP: 19/90 [poisoned by a wolf spider]
 53057 | Spider:2 | HP: 17/90 [poisoned by a wolf spider]
 53063 | Spider:2 | HP: 17/90 [poisoned by a wolf spider]
 53068 | Spider:2 | HP: 17/90 [poisoned by a wolf spider]
 53074 | Spider:2 | HP: 17/90 [poisoned by a wolf spider]
 53093 | Spider:2 | HP: 16/90 [something (6)]
 53095 | Spider:1 | HP: 4/90 [something (12)]
 53095 | Spider:1 | Slain by a ghost moth

Vanquished Creatures
  A frost giant (D:15)
  An orc warlord (Orc:2)
  2 vault guards (D:14)
  Josephine (Orc:2)
  7 hydras
  A rakshasa (D:15)
  5 centaur warriors
  A tengu warrior (D:15)
  12 death yaks
  2 catoblepae
  An orc high priest (Orc:2)
  Nergalle (D:10)
  2 wizards (D:14)
  Erolcha (Orc:2)
  An unseen horror (D:10)
  3 necromancers (D:14)
  Pikel (D:5)
  3 oklob plants (Lair:6)
  10 wolf spiders
  2 lindwurms
  A wolf spider zombie (D:13)
  5 hill giants
  An orc sorcerer (Orc:2)
  A deep elf conjurer (D:14)
  6 orc knights
  An ugly thing (D:8)
  5 cyclopes
  3 manticores
  A hornet (Lair:8)
  A black mamba (shapeshifter) (D:15)
  An orb spider (Spider:1)
  4 centaur zombies
  2 griffons
  Maurice (D:13)
  Joseph (Orc:2)
  6 elephants (Lair:4)
  A guardian serpent (Lair:8)
  7 torpor snails
  11 black mambas
  A queen ant (Spider:1)
  8 komodo dragons
  3 fire drakes
  Psyche (D:10)
  19 spiny frogs
  5 yaktaurs (D:15)
  4 demonic crawlers
  A troll (shapeshifter) (D:13)
  4 polar bears
  11 trolls
  4 boulder beetles
  3 giant leeches (Lair:8)
  7 jumping spiders
  19 slime creatures
  2 two-headed ogres
  A wandering mushroom (Lair:8)
  4 ravens (D:15)
  26 blink frogs
  2 basilisks (Lair:3)
  A freezing wraith (D:15)
  5 trapdoor spiders
  A spriggan (D:10)
  12 tarantellas
  2 shadows (D:15)
  A centaur simulacrum (D:11)
  A water elemental (D:11)
  5 redbacks
  22 yaks
  17 humans (D:14)
  A hungry ghost (D:11)
  4 wyverns
  10 wolves
  6 deep elf magi
  6 wraiths
  2 steam dragons
  10 hippogriffs
  4 wargs
  8 vampire mosquitoes (D:14)
  6 swamp worms (Lair:3)
  Edmund (D:5)
  14 soldier ants (Spider:1)
  2 mottled dragons
  12 porcupines
  24 water moccasins
  3 slaves
  A phantom (D:8)
  7 ogres
  14 spiders
  5 sky beasts
  3 black bears
  13 ice beasts
  2 necrophages
  47 orc warriors
  An eye of draining (D:12)
  4 wasps (Lair:8)
  4 boggarts (D:14)
  21 crocodiles
  Duvessa (D:8)
  14 centaurs
  The ghost of hotsauceodonough the Magician, an average HEWz of Sif Muna (D:3)
  A big kobold (shapeshifter) (D:15)
  2 big kobolds
  5 brain worms
  A gnoll sergeant (D:9)
  20 giant frogs
  A wyvern zombie (D:12)
  A wyvern skeleton (D:10)
  13 killer bees
  2 scorpions
  6 electric eels
  A giant frog zombie (D:10)
  13 jellies
  Dowan (D:8)
  12 crimson imps
  5 goliath beetles
  19 hounds
  A quasit (D:10)
  6 centaur skeletons
  2 giant frog skeletons
  33 orc priests
  2 human skeletons (D:14)
  11 iguanas
  19 orc wizards
  32 worker ants
  29 sheep
  2 hound skeletons
  A worker ant zombie (D:10)
  10 gnolls
  36 adders
  6 shadow imps
  64 river rats
  2 white imps (D:11)
  A worker ant simulacrum (D:11)
  21 worms
  An ufetubus (D:11)
  An adder skeleton (D:5)
  2 giant geckos
  4 oozes
  162 orcs
  14 bats
  2 bat skeletons
  6 giant cockroaches
  25 hobgoblins
  20 jackals
  29 kobolds
  2 ball pythons
  5 giant newts
  22 goblins
  21 quokkas
  A quokka zombie (D:5)
  17 rats
  A fungus (Lair:5)
  3 plants
1279 creatures vanquished.

Vanquished Creatures (collateral kills)
  A tarantella (Spider:2)
  A plant (Lair:8)
2 creatures vanquished.

Vanquished Creatures (others)
  A wizard (D:14)
  30 ball lightnings
  2 giant frog skeletons (D:10)
  A worker ant simulacrum (D:10)
  15 fungi
  5 plants
54 creatures vanquished.

Grand Total: 1335 creatures vanquished
